Map: [ESL] Tropical Sacrifice

Players

Creator

  • Race: Protoss Protoss
  • Spawn Location: 1:00

TIME (Oliveira) - Winner!

  • Race: Terran Terran
  • League: Grandmaster
  • Spawn Location: 7:00

Event: TSL 9

VOD

Have the link to the VOD?

Description

Time

  • Played on: Aug. 5, 2022, 9:20 a.m.
  • Length: 6:41

All games in this series

Show
View Real Time Build Order
Export as new Build Order

Creator Protoss 

Build Orders: Oracle Opening 

Get SALT Encoding   

  12  0:00  Probe  
  13  0:12  Probe  
  14  0:18  Pylon  
  14  0:24  Probe  
  15  0:36  Probe (Chrono Boost)  
  15  0:41  Gateway  
  16  0:47  Probe (Chrono Boost)  
  16  0:48  Assimilator  
  17  0:52  Probe (Chrono Boost)  
  18  1:01  Assimilator  
  18  1:03  Probe  
  19  1:15  Probe  
  20  1:27  Probe  
  20  1:29  Zealot (Chrono Boost)  
  20  1:30  Cybernetics Core  
  20  1:31  Pylon  
  23  1:49  Probe  
  24  2:01  Probe  
  25  2:05  Adept (Chrono Boost)  
  25  2:07  Stargate  
  27  2:14  Probe  
  28  2:17  Warp Gate  
  26  2:37  Nexus  
  26  2:42  Pylon  
  26  2:50  Oracle (Chrono Boost)  
  29  2:56  Adept  
  31  3:01  Probe  
  32  3:13  Probe  
  33  3:22  Oracle (Chrono Boost)  
  33  3:25  Probe  
  36  3:37  Probe  
  35  3:49  Probe  
  35  3:52  Probe  
  35  3:53  Twilight Council  
  38  4:05  Probe (Chrono Boost)  
  38  4:06  Probe (Chrono Boost)  
  39  4:15  Probe (Chrono Boost)  
  39  4:16  Gateway  
  41  4:18  Probe (Chrono Boost), Gateway  
  42  4:25  Probe (Chrono Boost)  
  42  4:27  Probe (Chrono Boost)  
  42  4:28  Adept  
  46  4:32  Probe (Chrono Boost)  
  46  4:33  Probe (Chrono Boost)  
  47  4:47  Probe x2  
  47  4:52  Pylon  
  49  4:54  Stalker  
  49  4:55  Blink (Chrono Boost)  
  49  4:59  Probe x2  
  53  5:11  Probe x2  
  53  5:12  Stalker x2  
  59  5:20  Stalker  
  59  5:28  Nexus  
  59  5:34  Probe x2  
  59  5:37  Stalker x2  
  58  5:48  Probe  
  58  5:49  Probe  
  58  5:54  Pylon  
  58  5:56  Stalker  
  60  6:01  Stalker  
  62  6:06  Pylon  
  62  6:13  Pylon  
Show
View Real Time Build Order
Export as new Build Order

TIME Terran - Winner!

Build Orders: Reaper Expand 

Get SALT Encoding   

  12  0:00  SCV  
  13  0:12  SCV  
  14  0:17  Supply Depot  
  14  0:24  SCV  
  15  0:39  SCV  
  15  0:40  Barracks  
  16  0:44  Refinery  
  16  0:51  SCV  
  17  1:03  SCV  
  18  1:15  SCV  
  19  1:27  Reaper  
  19  1:28  Orbital Command  
  20  1:47  Command Center  
  20  1:53  Supply Depot  
  20  1:54  SCV  
  20  1:59  Marine  
  22  2:06  SCV  
  23  2:10  Factory  
  23  2:18  SCV  
  23  2:21  Barracks Reactor, Refinery  
  24  2:30  SCV  
  25  2:38  Barracks  
  25  2:43  SCV  
  26  2:56  SCV, Widow Mine  
  29  2:58  Orbital Command  
  29  2:59  Starport  
  29  3:02  Marine  
  29  3:03  Orbital Command  
  29  3:05  Marine  
  30  3:09  SCV  
  32  3:17  Widow Mine  
  34  3:22  SCV  
  34  3:25  Marine x2  
  37  3:30  SCV  
  37  3:33  Barracks Tech Lab  
  38  3:39  Factory Tech Lab  
  38  3:40  SCV  
  38  3:43  Marine  
  38  3:47  SCV  
  40  3:49  Supply Depot  
  40  3:51  Stimpack  
  40  3:53  Marine  
  40  3:55  SCV, Marine  
  42  4:00  SCV  
  42  4:01  Marine  
  45  4:11  Cyclone, SCV  
  45  4:12  Supply Depot, SCV  
  45  4:14  Medivac  
  52  4:17  Marine  
  52  4:18  Marine  
  54  4:25  SCV  
  54  4:27  Engineering Bay  
  54  4:34  SCV, Marine  
  54  4:35  Supply Depot  
  54  4:37  SCV, Marine  
  54  4:38  Marine  
  58  4:46  SCV, Siege Tank  
  62  4:55  Supply Depot  
  62  4:57  SCV, Medivac, Marine x2  
  62  4:58  Marine  
  68  5:01  Missile Turret  
  68  5:02  SCV  
  69  5:12  Refinery  
  69  5:14  SCV  
  69  5:16  Marine x2  
  69  5:18  Marine  
  69  5:21  SCV  
  74  5:34  Marine  
  73  5:37  Marine  
  74  5:44  Marine  
  74  5:48  Siege Tank  
  76  5:50  Starport Reactor  
  76  5:51  SCV  
  76  5:52  SCV, Barracks  
  76  5:53  Command Center  
  76  5:54  Marine  
  76  5:55  Supply Depot  
  78  5:58  Supply Depot  
  78  6:17  SCV x2, Marine x3  
Tags
 
Add a new tag
Caveats
  • Supply blocks, unpowered buildings, or Contaminate may cause inaccurate times.
  • Supply counts are checked every 10 seconds.